 Dungeon Crawl Stone Soup version 0.27-a0-1196-g3e9cee4cb2 (webtiles) character file.

Game seed: 6147858370840115753

295 Glokmah the Gusty (level 6, -1/44 HPs)
             Began as a Gnoll Air Elementalist on May 28, 2021.
             Was a Follower of Ashenzari.
             Killed from afar by an orc wizard (8 damage)
             ... with a magic dart
             ... on level 4 of the Dungeon.
             The game lasted 00:10:19 (3942 turns).

Glokmah the Gusty (Gnoll Air Elementalist)          Turns: 3942, Time: 00:10:19

Health: -1/44      AC: 10    Str:  9    XL:     6   Next: 34%
Magic:  18/23      EV: 11    Int: 15    God:    Ashenzari [*.....]
Gold:   182        SH:  0    Dex: 12    Spells: 12/15 levels left

rFire    + . .     SeeInvis .   f - +2 dagger (drain)
rCold    . . .     Faith    .   (no shield)
rNeg     . . .     Spirit   .   n - +1 ring mail "Harvest Moon of the Sky" {rF+, Bglg, Evo} (curse)
rPois    .         Reflect  .   q - +1 helmet
rElec    .         Harm     .   u - +0 cloak
rCorr    .         Rampage  .   j - +0 pair of gloves
Will     .....                  (no boots)
Stlth    +.........             (no amulet)
HPRegen  0.14/turn              b - ring of Cremastomancy {MP+9, Alch, Fort} (curse)
MPRegen  0.18/turn              m - ring of wizardry

@: confused
A: fangs 1, strong nose, distributed training
a: Renounce Religion, Curse Item, Shatter the Chains


You were on level 4 of the Dungeon.
You worshipped Ashenzari.
Ashenzari was aware of your devotion.
You visited 1 branch of the dungeon, and saw 4 of its levels.

You collected 182 gold pieces.

Inventory:

Hand Weapons
 f - a +2 dagger of draining (weapon)
Missiles
 r - 2 datura-tipped darts
 t - 17 poisoned darts
Armour
 a - a +0 kite shield
 h - a +0 buckler
 j - a +0 pair of gloves (worn)
 n - the cursed +1 ring mail "Harvest Moon of the Sky" (worn) {rF+, Bglg, Evo}
   (You took it off Terence on level 2 of the Dungeon)

   It has a curse which improves the following skills: Beguiling: Conjurations,
   Hexes and Translocations.
   Evocations: Evocations.
 q - a +1 helmet (worn)
 u - a +0 cloak (worn)
Jewellery
 b - the cursed ring of Cremastomancy (left hand) {MP+9, Alch, Fort}
   (You found it on level 1 of the Dungeon)

   [ring of magical power]

   It affects your magic capacity (+9).
   It has a curse which improves the following skills: Alchemy: Poison Magic and
   Transmutations.
   Fortitude: Armour and Shields.
 m - a ring of wizardry (right hand)
 w - a ring of resist corrosion
Wands
 p - a wand of flame (21)
Scrolls
 e - 2 scrolls of identify
 o - a scroll of magic mapping
 v - a scroll of enchant weapon
Potions
 c - 2 potions of brilliance
 d - 5 potions of curing
 g - a potion of degeneration
 i - 3 potions of might
 k - a potion of mutation
 l - a potion of cancellation
 s - a potion of magic


   Skills:
 + Level 1.9 Fighting
 + Level 1.9 Short Blades
 + Level 1.9 Long Blades
 + Level 1.9 Axes
 + Level 1.9 Maces & Flails
 + Level 1.9 Polearms
 + Level 1.9 Staves
 + Level 1.9 Slings
 + Level 1.9 Bows
 + Level 1.9 Crossbows
 + Level 1.9 Throwing
 + Level 1.9(2.7) Armour
 + Level 5.0 Dodging
 + Level 4.6 Stealth
 + Level 1.9(2.7) Shields
 + Level 1.9 Unarmed Combat
 + Level 5.3 Spellcasting
 + Level 2.6(3.5) Conjurations
 + Level 1.5(2.2) Hexes
 + Level 1.5 Summonings
 + Level 1.5 Necromancy
 + Level 1.5(2.2) Translocations
 + Level 1.5(2.2) Transmutations
 + Level 1.5 Fire Magic
 + Level 1.5 Ice Magic
 + Level 5.6 Air Magic
 + Level 1.5 Earth Magic
 + Level 1.5(2.2) Poison Magic
 + Level 2.1 Invocations
 + Level 1.9(2.7) Evocations


You had 12 spell levels left.
You knew the following spells:

 Your Spells              Type           Power      Damage    Failure   Level
a - Shock                 Conj/Air       68%        1d7       2%          1
b - Searing Ray           Conj           28%        3d4       6%          2

Your spell library contained the following spells:

 Spells                   Type           Power      Damage    Failure   Level
 Magic Dart               Conj           56%        1d5       4%          1
 Static Discharge         Conj/Air       17%        N/A       4%          2
 Swiftness                Air            21%        N/A       4%          3
 Beastly Appendage        Tmut           20%        N/A       7%          1
 Wereblood                Tmut           10%        N/A       11%         2
 Dazzling Flash           Conj/Hex       24%        N/A       16%         3
 Airstrike                Air            10%        N/A       16%         4
 Confusing Touch          Hex            10%        N/A       21%         3
 Gell's Gravitas          Tloc           5%         N/A       21%         3
 Spider Form              Tmut/Pois      5%         N/A       21%         3
 Fulminant Prism          Conj/Hex       6%         3d7       45%         4
 Iskenderun's Mystic Bla  Conj/Tloc      12%        2d5       45%         4
 Lightning Bolt           Conj/Air       8%         1d21      54%         5
 Ice Form                 Ice/Tmut       9%         N/A       58%         4
 Petrify                  Tmut/Erth      9%         N/A       58%         4
 Hydra Form               Tmut           5%         N/A       86%         5
 Yara's Violent Unravell  Hex/Tmut       5%         3d4       86%         5
 Metabolic Englaciation   Hex/Ice        4%         N/A       89%         5


Dungeon Overview and Level Annotations

Branches:
Dungeon (4/15)
 Temple: D:4-7

Altars:
Ashenzari
Hepliaklqana
Qazlal

Shops:
D:2 ?   D:3 [

Annotations:
D:3 2 transporters, EnegeticOcto's ghost, weakling DjEE


Innate Abilities, Weirdness & Mutations

You have very sharp teeth.
Your uncanny sense of smell can sniff out nearby items.
Your experience applies equally to all skills.


Message History

Casting: Shock (safe; 2% risk of failure)
Confirm with . or Enter, or press ? or * to list all spells.
Aiming: Shock (safe; 2% risk of failure)
Press: ? - help, Shift-Dir - straight line The zap hits the orc priest!
The orc priest is almost dead.
Unknown command.
Casting: Shock (safe; 2% risk of failure)
Confirm with . or Enter, or press ? or * to list all spells.
Aiming: Shock (safe; 2% risk of failure)
Press: ? - help, Shift-Dir - straight line The zap hits the orc priest.
The orc priest is almost dead.
The orc priest calls down the wrath of Beogh upon you.
Beogh smites you!
* * * LOW HITPOINT WARNING * * *
Casting: Shock (safe; 2% risk of failure)
Confirm with . or Enter, or press ? or * to list all spells.
Aiming: Shock (safe; 2% risk of failure)
Press: ? - help, Shift-Dir - straight line, f - orc
Aim: an orc, wielding a +0 club, wearing a +0 leather armour and quivering stones (71% to hit)
The zap hits the orc wizard.
The orc wizard resists.
The orc wizard is lightly wounded.
The zap hits the orc priest.
You kill the orc priest!
The zap hits the orc.
You kill the orc!
The orc wizard points at itself and mumbles some strange words.
The orc wizard flickers and vanishes!
The orc wizard points at you and mumbles some strange words.
You are confused.
Your Dodging skill increases to level 5!
You are too confused!
Okay, then.
The orc wizard points at you and mumbles some strange words.
The magic dart hits you.
* * * LOW HITPOINT WARNING * * *
A magic dart appears from out of thin air!
The magic dart hits you!
You die...

### #.# .# #.# ### .#
#.## #.# .# ##.# #.## #.#
##.## ##(### ##..# ....#
#...####...### ....###
#............###
##....####......@.o......
###...##................
#.................)...
##....................
##.........######.{).
###.........## ##..
###.........### #.
............#
.............#


You could see an orc wizard.

Vanquished Creatures
  A jelly (D:4)
  An orc priest (D:4)
  Jessica (D:3)
  Terence (D:2)
  2 iguanas
  A howler monkey skeleton (D:4)
  4 adders
  3 worms
  5 dart slugs
  An orc (D:4)
  5 ball pythons
  7 endoplasms
  3 giant cockroaches (D:3)
  3 goblins
  2 hobgoblins (D:2)
  13 jackals
  2 kobolds
  6 quokkas
  3 bats
  3 frilled lizards (D:3)
  3 rats (D:1)
70 creatures vanquished.

Notes
Turn   | Place    | Note
-------+----------+-------------------------------------------
     0 | D:1      | Glokmah the Gnoll Air Elementalist began the quest for the
                  | Orb.
     0 | D:1      | Reached XP level 1. HP: 13/13 MP: 6/6
   178 | D:1      | Reached XP level 2. HP: 19/19 MP: 7/7
   386 | D:1      | Found a faded altar of an unknown god.
   389 | D:1      | Became a worshipper of Ashenzari the Shackled
   661 | D:1      | Learned a level 2 spell: Searing Ray
  1076 | D:2      | Reached skill level 5 in Spellcasting
  1076 | D:2      | Reached XP level 3. HP: 25/25 MP: 9/9
  1128 | D:2      | Noticed Terence
  1146 | D:2      | Killed Terence
  1147 | D:2      | Reached skill level 1 in Fighting
  1147 | D:2      | Reached skill level 1 in Short Blades
  1147 | D:2      | Reached skill level 1 in Long Blades
  1147 | D:2      | Reached skill level 1 in Axes
  1147 | D:2      | Reached skill level 1 in Maces & Flails
  1147 | D:2      | Reached skill level 1 in Polearms
  1147 | D:2      | Reached skill level 1 in Staves
  1147 | D:2      | Reached skill level 1 in Slings
  1147 | D:2      | Reached skill level 1 in Bows
  1147 | D:2      | Reached skill level 1 in Crossbows
  1147 | D:2      | Reached skill level 1 in Throwing
  1147 | D:2      | Reached skill level 1 in Armour
  1147 | D:2      | Reached skill level 1 in Shields
  1147 | D:2      | Reached skill level 1 in Unarmed Combat
  1147 | D:2      | Reached skill level 1 in Invocations
  1147 | D:2      | Reached skill level 1 in Evocations
  1147 | D:2      | Reached XP level 4. HP: 11/32 MP: 11/11
  1368 | D:2      | Reached * piety under Ashenzari
  1497 | D:2      | Found Linn's Magic Scroll Shoppe.
  1564 | D:2      | Found a hazy altar of Hepliaklqana.
  2347 | D:3      | Reached skill level 1 in Hexes
  2347 | D:3      | Reached skill level 1 in Summonings
  2347 | D:3      | Reached skill level 1 in Necromancy
  2347 | D:3      | Reached skill level 1 in Translocations
  2347 | D:3      | Reached skill level 1 in Transmutations
  2347 | D:3      | Reached skill level 1 in Fire Magic
  2347 | D:3      | Reached skill level 1 in Ice Magic
  2347 | D:3      | Reached skill level 1 in Earth Magic
  2347 | D:3      | Reached skill level 1 in Poison Magic
  2393 | D:3      | Found Varay's Armour Emporium.
  2664 | D:3      | Reached XP level 5. HP: 37/37 MP: 12/12
  2712 | D:3      | Noticed EnegeticOcto's ghost (weakling DjEE)
  2744 | D:3      | Found a transporter.
  2749 | D:3      | Found a transporter.
  2827 | D:3      | Found a broken altar of Ashenzari.
  2882 | D:3      | Noticed Jessica
  2892 | D:3      | Killed Jessica
  3310 | D:3      | Found a stormy altar of Qazlal.
  3649 | D:4      | Reached XP level 6. HP: 40/44 MP: 13/13
  3940 | D:4      | Reached skill level 5 in Dodging
  3942 | D:4      | Killed from afar by an orc wizard

Illustrated notes

Levels and vault maps discovered:
D:1:      giann_horns, layout_basic, basic_ecumenical_altar,
          nrook_loot_triangle, hangedman_decor_clover_reticule
D:2:      layout_basic, basic_altar, serial_shops, nicolae_shop_crystal,
          uniq_terence
D:3:      layout_basic, old_standard_altar, lemuel_crystal_altar,
          gammafunk_ghost_mausoleum, serial_shops, shop, glass_columns_b,
          minmay_pentangle, uniq_jessica
D:4:      layout_layer_cave

Skill      XL: |  1  2  3  4  5  6 |
---------------+-------------------+-----
Conjurations   | 2 |  2.6
Spellcasting   | 5 |  5.3
Fighting       | 1 |  1.9
Short Blades   | 1 |  1.9
Long Blades    | 1 |  1.9
Axes           | 1 |  1.9
Maces & Flails | 1 |  1.9
Polearms       | 1 |  1.9
Staves         | 1 |  1.9
Slings         | 1 |  1.9
Bows           | 1 |  1.9
Crossbows      | 1 |  1.9
Throwing       | 1 |  1.9
Armour         | 1 |  1.9
Shields        | 1 |  1.9
Unarmed Combat | 1 |  1.9
Invocations    | 1 2 |  2.1
Evocations     | 1 |  1.9
Hexes          | 1 |  1.5
Summonings     | 1 |  1.5
Necromancy     | 1 |  1.5
Translocations | 1 |  1.5
Transmutations | 1 |  1.5
Fire Magic     | 1 |  1.5
Ice Magic      | 1 |  1.5
Earth Magic    | 1 |  1.5
Poison Magic   | 1 |  1.5
Dodging        | 5 |  5.0
Stealth        | |  4.6
Air Magic      | |  5.6

Action                   |  1- 3 |  4- 6 || total
-------------------------+-------+-------++-------
Melee: Dagger            |    17 |     8 ||    25
 Cast: Shock             |    27 |    75 ||   102
       Searing Ray       |       |    11 ||    11
Invok: Curse Item        |     1 |     1 ||     2
 Stab: Sleeping          |     3 |       ||     3
Armor: Leather armour    |     3 |       ||     3
       Ring mail         |       |    13 ||    13
Dodge: Dodged            |     9 |    13 ||    22

Table legend: (Time is in decaauts)
 A = Elapsed time spent in this place.
 B = Non-inter-level travel time spent in this place.
 C = Inter-level travel time spent in this place.
 D = Time resting spent in this place.
 E = Time spent auto-exploring this place.
 F = Levels seen in this place.
 G = Mean time per level.
                   A        B        C        D        E       F      G
               +--------+--------+--------+--------+--------+-----+--------+
         Total |   3942 |   3722 |    220 |    446 |   2576 |   4 |  985.5 |
       Dungeon |   3942 |   3722 |    220 |    446 |   2576 |   4 |  985.5 |
               +--------+--------+--------+--------+--------+-----+--------+

Top non-repeatable levels by time:
     D:2: 1340 daAuts
     D:3: 1182 daAuts
     D:1: 966 daAuts
     D:4: 453 daAuts
